Map: Blackpink LE

Players

Kny

  • Race: Zerg Zerg
  • League: Diamond
  • Spawn Location: 1:00

YorkiePud - Winner!

  • Race: Protoss Protoss
  • League: Diamond
  • Spawn Location: 7:00

VOD

Have the link to the VOD?

Description

Time

  • Played on: Feb. 20, 2018, 1:46 a.m.
  • Length: 9:18
Show
View Real Time Build Order
Export as new Build Order

Kny Zerg 

Build Orders: Hatch First, Zergling Baneling 

Get SALT Encoding   

  12  0:02  Drone  
  13  0:08  Drone  
  14  0:17  Overlord  
  14  0:35  Drone  
  14  0:36  Drone x2  
  17  0:55  Hatchery, Drone  
  17  1:01  Extractor  
  16  1:11  Spawning Pool  
  16  1:14  Drone  
  16  1:17  Drone  
  17  1:27  Drone  
  17  1:29  Drone  
  19  1:40  Overlord  
  19  1:59  Queen  
  21  2:05  Metabolic Boost  
  21  2:07  Queen  
  23  2:14  Zergling x6  
  26  2:16  Zergling x2  
  27  2:28  Zergling x4  
  29  2:45  Zergling x6  
  32  2:55  Baneling Nest  
  31  2:59  Zergling x4  
  31  3:00  Zergling x2  
  34  3:11  Zergling x2  
  34  3:12  Zergling x2  
  36  3:14  Overlord  
  36  3:15  Overlord  
  35  3:47  Baneling  
  35  3:48  Baneling x8  
  35  3:56  Zergling x8  
  35  3:57  Zergling x10  
  44  4:16  Zergling x2  
  46  4:17  Zergling x8  
  44  5:08  Baneling x5  
  44  5:09  Baneling x3  
  41  5:23  Zergling x8  
  41  5:24  Zergling x10  
  37  6:10  Zergling x4  
  37  6:11  Zergling x2  
  39  6:15  Drone x3  
  18  6:39  Hatchery  
  11  6:49  Hatchery  
  9  7:09  Overlord  
  9  7:10  Overlord  
  9  7:59  Drone  
  10  8:29  Drone  
  11  8:52  Drone  
Show
View Real Time Build Order
Export as new Build Order

YorkiePud Protoss - Winner!

Build Orders:  

Get SALT Encoding   

  12  0:01  Probe  
  13  0:13  Probe  
  14  0:19  Pylon  
  14  0:25  Probe  
  15  0:38  Gateway  
  15  0:40  Probe  
  16  0:44  Assimilator  
  16  0:52  Probe (Chrono Boost)  
  17  1:03  Probe (Chrono Boost)  
  18  1:07  Probe (Chrono Boost)  
  19  1:12  Pylon  
  19  1:19  Probe  
  20  1:28  Cybernetics Core  
  20  1:36  Zealot  
  20  1:38  Probe  
  23  1:51  Probe  
  24  2:00  Warp Gate (Chrono Boost)  
  24  2:02  Pylon  
  24  2:05  Probe  
  25  2:17  Nexus  
  25  2:20  Probe  
  26  2:29  Gateway  
  26  2:31  Gateway  
  26  2:43  Gateway  
  25  2:56  Shield Battery  
  25  3:00  Probe  
  25  3:04  Pylon  
  26  3:07  Stalker (Chrono Boost)  
  28  3:15  Gateway  
  28  3:18  Probe  
  29  3:26  Shield Battery  
  29  3:29  Probe  
  29  3:32  Probe  
  31  3:49  Zealot  
  31  3:52  Zealot x2  
  31  3:54  Zealot  
  39  3:59  Probe x2  
  41  4:13  Probe x2  
  41  4:14  Zealot  
  41  4:15  Sentry  
  41  4:16  Sentry  
  49  4:21  Zealot  
  49  4:23  Sentry  
  53  4:30  Pylon  
  53  4:38  Sentry  
  55  4:39  Zealot  
  55  4:42  Stalker  
  38  5:01  Zealot  
  40  5:07  Zealot  
  38  5:15  Zealot x2  
  38  5:16  Zealot x2  
  27  6:06  Probe  
  24  7:12  Zealot x3  
  30  7:45  Probe  
  31  9:03  Probe  
Tags
 
Add a new tag
Caveats
  • Supply blocks, unpowered buildings, or Contaminate may cause inaccurate times.
  • Supply counts are checked every 10 seconds.